 Dungeon Crawl Stone Soup version 0.19.5 (webtiles) character file.

10521 jurikolo the Cleaver (level 11, -8/95 HPs)
             Began as a Minotaur Fighter on Apr 13, 2017.
             Was a Believer of Okawaru.
             Killed from afar by a rime drake (14 damage)
             ... with a flash freeze
             ... on level 1 of the Lair of Beasts.
             The game lasted 01:27:45 (13110 turns).

jurikolo the Cleaver (Minotaur Fighter)            Turns: 13110, Time: 01:27:45

Health: -8/95      AC: 14    Str: 24    XL:     11   Next: 37%
Magic:  10/10      EV:  5    Int:  5    God:    Okawaru [**....]
Gold:   386        SH: 18    Dex: 10    Spells: 1 memorised, 9 levels left

rFire  + . .     SeeInvis .     w - +1 mace (drain)
rCold  x . .     Gourm    .     u - +0 plate armour "Etususan" {rN+} (curse)
rNeg   + . .     Faith    .     x - +0 large shield
rPois  .         Spirit   .     (helmet restricted)
rElec  .         Reflect  .     (no cloak)
rCorr  .         Harm     .     (no gloves)
MR     +....                    (no boots)
Stlth  ..........               (no amulet)
                                P - ring of fire
                                F - ring of protection from magic

@: no status effects
A: retaliatory headbutt, horns 2
a: Heroism, Renounce Religion


You were on level 1 of the Lair of Beasts.
You worshipped Okawaru.
Okawaru was pleased with you.
You were very full.

You visited 2 branches of the dungeon, and saw 11 of its levels.

You collected 471 gold pieces.
You spent 85 gold pieces at shops.

Inventory:

Hand Weapons
 a - a +0 war axe
 w - a +1 mace of draining (weapon)
 C - a +2 dire flail of protection
 X - a +2 shortbow of freezing
Missiles
 Y - 163 arrows
Armour
 u - the cursed +0 plate armour "Etususan" (worn) {rN+}
   (You found it on level 9 of the Dungeon)

   It protects you from negative energy.
   It has a curse placed upon it.
 v - a +0 chain mail
 x - a +0 large shield (worn)
Jewellery
 A - an uncursed ring of protection from fire
 F - a ring of protection from magic (left hand)
 H - an uncursed ring of wizardry {unknown}
 P - a ring of fire (right hand)
Wands
 h - a wand of slowing (15/48)
Scrolls
 e - 9 scrolls of identify {unknown}
 i - 5 scrolls of teleportation {unknown}
 j - 3 scrolls of fear {unknown}
 n - 2 scrolls of enchant weapon {unknown}
 q - 6 scrolls of remove curse {unknown}
 y - 2 scrolls of immolation {unknown}
 z - 2 scrolls of recharging {unknown}
 G - a scroll of acquirement {unknown}
 J - a scroll of amnesia {unknown}
 N - 2 scrolls of random uselessness {unknown}
 V - a scroll of enchant armour {unknown}
Potions
 d - a potion of lignification {unknown}
 g - 4 potions of curing
 l - a potion of flight {unknown}
 r - a potion of invisibility {unknown}
 B - 3 potions of brilliance {unknown}
 D - 3 potions of degeneration {unknown}
 E - 2 potions of resistance {unknown}
 T - 2 potions of haste {unknown}
 W - a potion of heal wounds {unknown}
Books
 c - the Tome of the Supportive Frostbite
   (You found it on level 1 of the Lair of Beasts)

   Spells                             Type                      Level
   a - Freeze                         Ice                          1
   b - Summon Small Mammal            Summoning                    1
   c - Call Imp                       Summoning                    2
   d - Summon Guardian Golem          Hexes/Summoning              3
   e - Metabolic Englaciation         Hexes/Ice                    5
   f - Malign Gateway                 Summoning/Translocation      7
 s - a book of Maledictions

   Spells                             Type                      Level
   a - Corona                         Hexes                        1
   b - Ensorcelled Hibernation        Hexes/Ice                    2
   c - Confuse                        Hexes                        3
   d - Tukima's Dance                 Hexes                        3
   e - Dazzling Spray                 Conjuration/Hexes            3
 M - a book of Necromancy

   Spells                             Type                      Level
   a - Pain                           Necromancy                   1
   b - Animate Skeleton               Necromancy                   1
   c - Vampiric Draining              Necromancy                   3
   d - Regeneration                   Charms/Necromancy            3
   e - Animate Dead                   Necromancy                   4
   f - Control Undead                 Necromancy                   4
 R - a book of Minor Magic

   Spells                             Type                      Level
   a - Magic Dart                     Conjuration                  1
   b - Blink                          Translocation                2
   c - Call Imp                       Summoning                    2
   d - Repel Missiles                 Charms/Air                   2
   e - Slow                           Hexes                        2
   f - Conjure Flame                  Conjuration/Fire             3
   g - Mephitic Cloud                 Conjuration/Poison/Air       3
 Z - a book of Cantrips

   Spells                             Type                      Level
   a - Confusing Touch                Hexes                        1
   b - Animate Skeleton               Necromancy                   1
   c - Summon Small Mammal            Summoning                    1
   d - Apportation                    Translocation                1
Comestibles
 b - 2 fruits
 f - a chunk of flesh
 o - a meat ration
 p - a royal jelly
 t - 4 beef jerkies
 U - 2 slices of pizza


   Skills:
 + Level 8.9 Fighting
 + Level 11.3(12.2) Axes
 + Level 7.7(10.5) Maces & Flails
 + Level 9.6 Armour
 + Level 3.2 Dodging
 + Level 1.3 Stealth
 + Level 11.3 Shields


You had 9 spell levels left.
You knew the following spells:

 Your Spells              Type           Power        Failure   Level  Hunger
a - Magic Dart            Conj           #...         100%        1    ##.....


Dungeon Overview and Level Annotations

Branches:
Dungeon (9/15)             Temple (0/1) D:5            Lair (2/6) D:9
  Swamp: Lair:2-4    Shoals: Lair:2-4     Snake: Lair:2-4    Spider: Lair:2-4
    Orc: D:9-12

Altars:
Ashenzari
Cheibriados
Dithmenos
Elyvilon
Gozag
Nemelex Xobeh
Okawaru
Uskayaw
Vehumet
Xom
Yredelemnul
The Shining One

Shops:
D:5 [*%[}   D:9 *


Innate Abilities, Weirdness & Mutations

You reflexively headbutt those who attack you in melee.
You have a pair of horns on your head.


Message History

The yak gores you but does no damage. You block the yak's attack.
There is a stone staircase leading up here.
You block the yak's attack. The yak gores you. You block the yak's attack.
You climb upwards.
There is a stone staircase leading down here.
You block the yak's attack. You block the yak's attack.
The yak seems less drained.
A rime drake comes into view.
The rime drake hisses angrily.
The rime drake breathes ice at you. The flash freeze hits you!
You feel a painful chill!
* * * LOW HITPOINT WARNING * * *
You are encased in ice.
You block the yak's attack. The ice encasing you melts away.
The rime drake breathes ice at you. The flash freeze hits you!
You feel a painful chill!
You die...

.#####...### ##.................
.##.###..## ##..................
..........# #...................
..........## #...................
.##..#.....###...................
.######............).............
................[................
##.#..#..........................
#......#.....#.#@................
........#....##Yk................
..............Y..................
#.#.............Y................
#................................
.##..............................
.##.....###......................
#.......# ##..#..................
#.#....## #..#..................


You could see 3 yaks and a rime drake.

Vanquished Creatures
  2 hydras (Lair:1)
  Maurice (D:8)
  3 spiny frogs (Lair:1)
  Psyche (D:8)
  A komodo dragon (Lair:1)
  2 hippogriffs
  Sigmund (D:6)
  10 yaks
  Menkaure (D:4)
  Edmund (D:4)
  2 hell hounds (D:9)
  A porcupine (D:9)
  3 ice beasts
  2 sky beasts (D:8)
  4 orc warriors
  A necrophage (D:5)
  2 phantoms
  5 centaurs
  4 ogres
  2 wolves
  4 crocodiles
  Blork the orc (D:4)
  2 big kobolds (D:8)
  8 bullfrogs
  5 scorpions
  5 killer bees
  3 howler monkeys
  4 crimson imps
  A quasit (D:8)
  A bullfrog zombie (D:7)
  A centaur zombie (D:9)
  6 orc priests
  2 jellies
  5 hounds
  9 orc wizards
  8 worker ants
  A hound skeleton (D:5)
  A mummy (D:4)
  3 gnolls (D:5)
  12 adders
  A shadow imp (D:5)
  An ooze (D:4)
  3 adder skeletons
  3 worms
  3 dart slugs (D:2)
  9 leopard geckos
  27 orcs
  8 bats
  6 giant cockroaches
  14 goblins
  5 hobgoblins
  4 jackals
  3 quokkas
  A ball python (D:7)
  5 frilled lizards
  A hobgoblin zombie (D:4)
  18 kobolds
  3 orc zombies (D:4)
  13 rats
  19 fungi
  16 plants
294 creatures vanquished.

Vanquished Creatures (others)
  A fungus (Lair:1)
1 creature vanquished.

Grand Total: 295 creatures vanquished

Notes
Turn   | Place    | Note
-------+----------+-------------------------------------------
     0 | D:1      | jurikolo the Minotaur Fighter began the quest for the Orb.
     0 | D:1      | Reached XP level 1. HP: 19/19 MP: 0/0
   570 | D:1      | Reached XP level 2. HP: 27/27 MP: 1/1
  1106 | D:1      | Reached XP level 3. HP: 33/33 MP: 2/2
  1313 | D:2      | Found a glowing golden altar of the Shining One.
  1321 | D:2      | Became a worshipper of the Shining One
  1843 | D:2      | Reached skill level 1 in Dodging
  1869 | D:2      | Found a white marble altar of Elyvilon.
  1952 | D:2      | Found a basalt altar of Yredelemnul.
  2406 | D:3      | Reached XP level 4. HP: 40/40 MP: 3/3
  3415 | D:3      | Reached XP level 5. HP: 37/46 MP: 4/4
  3679 | D:4      | Noticed Edmund
  3695 | D:4      | Killed Edmund
  3695 | D:4      | Reached skill level 5 in Shields
  3771 | D:4      | Reached * piety under the Shining One
  3813 | D:4      | Noticed Blork the orc
  3828 | D:4      | Killed Blork the orc
  3828 | D:4      | Reached XP level 6. HP: 34/53 MP: 5/5
  3829 | D:4      | Reached skill level 5 in Axes
  4038 | D:4      | Noticed Menkaure
  4054 | D:4      | Killed Menkaure
  4054 | D:4      | Reached skill level 5 in Armour
  4377 | D:4      | Reached XP level 7. HP: 59/60 MP: 6/6
  4420 | D:4      | Found a shimmering altar of Xom.
  4609 | D:4      | Found a sparkling altar of Nemelex Xobeh.
  4909 | D:5      | Entered Level 5 of the Dungeon
  5152 | D:5      | Reached skill level 5 in Fighting
  5345 | D:5      | Found Syah's Antique Armour Boutique.
  5387 | D:5      | Bought a helmet for 85 gold pieces
  5519 | D:5      | Found a hide-covered altar of Uskayaw.
  5549 | D:5      | Found a staircase to the Ecumenical Temple.
  5558 | D:5      | Reached ** piety under the Shining One
  5572 | D:5      | Reached XP level 8. HP: 68/68 MP: 7/7
  5603 | D:5      | Found Coelulau's Food Shop.
  5695 | D:5      | Found Siteed's Gadget Boutique.
  5765 | D:5      | Found Rexusiwn's Assorted Antiques.
  5955 | D:5      | Found Ytud's Armour Boutique.
  6034 | D:5      | Learned a level 1 spell: Magic Dart
  6468 | D:6      | Found an opulent altar of Gozag.
  6537 | D:6      | Noticed Sigmund
  6544 | D:6      | Killed Sigmund
  6960 | D:7      | Noticed a hippogriff
  7047 | D:7      | Killed a hippogriff
  7047 | D:7      | Reached XP level 9. HP: 14/75 MP: 8/8
  7425 | D:7      | Reached skill level 10 in Axes
  8082 | D:8      | Was placed under penance by the Shining One
  8300 | D:8      | Noticed Maurice
  8352 | D:8      | Noticed Psyche
  8356 | D:8      | Reached skill level 1 in Maces & Flails
  8362 | D:8      | Fell from the grace of the Shining One
  8362 | D:8      | Killed Psyche
  8362 | D:8      | Reached XP level 10. HP: 65/86 MP: 9/9
  8994 | D:8      | Killed Maurice
  9283 | D:9      | Found a shadowy altar of Dithmenos.
  9365 | D:9      | Found a staircase to the Lair.
  9388 | Lair:1   | Entered Level 1 of the Lair of Beasts
  9682 | Lair:1   | Reached skill level 5 in Maces & Flails
  9685 | Lair:1   | Noticed a spiny frog
 10171 | D:9      | Found Zavul's Assorted Antiques.
 10494 | D:9      | Found a radiant altar of Vehumet.
 10507 | D:9      | Found a shattered altar of Ashenzari.
 10515 | D:9      | Reached skill level 10 in Shields
 10546 | D:9      | Found a snail-covered altar of Cheibriados.
 10555 | D:9      | Found an iron altar of Okawaru.
 10559 | D:9      | Became a worshipper of Warmaster Okawaru
 10580 | D:9      | Got a brightly glowing plate armour
 10591 | D:9      | Identified the cursed +0 plate armour "Etususan" {rN+} (You found it on level 9 of the Dungeon)
 10993 | D:9      | Reached skill level 1 in Stealth
 11184 | Lair:1   | Killed a spiny frog
 11184 | Lair:1   | Reached * piety under Okawaru
 11707 | Lair:1   | Identified the Tome of the Supportive Frostbite
 11816 | Lair:1   | Reached XP level 11. HP: 95/95 MP: 10/10
 11893 | Lair:1   | Noticed an eight-headed hydra
 11905 | Lair:1   | Killed an eight-headed hydra
 12190 | Lair:1   | Reached ** piety under Okawaru
 12231 | Lair:1   | Noticed a five-headed hydra
 12274 | Lair:1   | Killed a five-headed hydra
 13110 | Lair:1   | Killed from afar by a rime drake

Skill      XL: |  1  2  3  4  5  6  7  8  9 10 11 |
---------------+----------------------------------+-----
Armour         | 4 5 6 7 8 9 |  9.6
Shields        | 4 5 6 7 8 10 11 | 11.3
Axes           | 3 4 5 7 9 11 | 11.3
Fighting       | 4 5 6 7 8 |  8.9
Dodging        | 1 2 3 |  3.2
Maces & Flails | 1 6 7 |  7.7
Stealth        | 1 |  1.3

Action                   |  1- 3 |  4- 6 |  7- 9 | 10-12 || total
-------------------------+-------+-------+-------+-------++-------
Melee: War axe           |   136 |   157 |   255 |       ||   548
       Headbutt          |    17 |    19 |    51 |   194 ||   281
       Mace              |       |       |    50 |   639 ||   689
  Use: Potion            |       |       |     2 |       ||     2
  Eat: Chunk             |     3 |     4 |     4 |       ||    11
       Beef jerky        |     1 |     1 |       |       ||     2
       Bread ration      |       |     1 |     1 |     4 ||     6
       Pizza             |       |       |     1 |       ||     1
       Fruit             |       |       |       |     6 ||     6
Armor: Scale mail        |    69 |     8 |       |       ||    77
       Chain mail        |       |    29 |    98 |    51 ||   178
       Plate armour      |       |       |       |    79 ||    79
Dodge: Dodged            |    36 |    32 |    41 |    62 ||   171
Block: Shield            |    67 |    22 |       |       ||    89
       Large shield      |       |    89 |   262 |   347 ||   698
